 Dungeon Crawl Stone Soup version 0.27-a0-1317-gd1140b374c (webtiles) character file.

Game seed: 11250516761091422880

223 Froggeryz the Chopper (level 5, -1/43 HPs)
             Began as a Palentonga Abyssal Knight on June 21, 2021.
             Was a Believer of Lugonu.
             Slain by an orc (4 damage)
             ... on level 4 of the Dungeon.
             The game lasted 00:03:47 (2467 turns).

Froggeryz the Chopper (Palentonga Abyssal Knight)   Turns: 2467, Time: 00:03:48

Health: -1/43      AC:  6    Str: 16    XL:     5   Next: 66%
Magic:  6/6        EV:  8    Int: 12    God:    Lugonu [**....]
Gold:   93         SH:  0    Dex: 10    Spells: 4/4 levels left

rFire    + . .     SeeInvis +   a - +2 hand axe
rCold    + . .     Faith    .   (no shield)
rNeg     . . .     Spirit   .   c - +0 ring mail
rPois    .         Reflect  .   (no helmet)
rElec    .         Harm     .   b - scarf {rC+ rF+}
rCorr    .         Rampage  .   (no gloves)
Will     .....                  (no barding)
Stlth    ..........             (no amulet)
HPRegen  0.14/turn              (no ring)
MPRegen  0.10/turn              (no ring)

@: lethally poisoned (-1 -> -25)
A: large, rugged brown scales 3, see invisible, deformed body, roll 1, armoured
tail
a: Rolling Charge, Renounce Religion, Depart the Abyss, Bend Space


You were on level 4 of the Dungeon.
You worshipped Lugonu.
Lugonu was pleased with you.
You visited 1 branch of the dungeon, and saw 3 of its levels.
You visited the Abyss 1 time.

You collected 93 gold pieces.

Inventory:

Hand Weapons
 a - a +2 hand axe (weapon)
 l - a +3 demon trident of pain
Armour
 b - a scarf of resistance (worn)
 c - a +0 ring mail (worn)
Wands
 d - a wand of iceblast (9)
Scrolls
 g - 4 scrolls of identify
 m - a scroll of blinking
Potions
 e - a potion of invisibility {unknown}
 i - a potion of curing


   Skills:
 - Level 3.0 Fighting
 - Level 4.4(4.6) Axes
 * Level 1.9(3.2) Polearms
 + Level 3.1 Armour
 - Level 0.7 Dodging
 - Level 2.0 Invocations


You had 4 spell levels left.
You didn't know any spells.
Your spell library was empty.

Dungeon Overview and Level Annotations

Branches:
Dungeon (2/15)

Altars:


Innate Abilities, Weirdness & Mutations

You are completely covered in rugged brown scales. (AC +3, +7% HP)
You have supernaturally acute eyesight. (SInv)
Armour fits poorly on your strangely shaped body.
You can roll at nearby foes to attack.
You have a long armoured tail.


Message History

An orc comes into view. It is wielding a +0 club.
The orc shouts!
You hear a shout!
You start waiting.
An orc is nearby!
You closely miss the orc. The orc hits you with a +0 whip.
You hit the orc but do no damage. The orc closely misses you.
You hit the orc.
The orc is severely wounded.
You hit the orc.
The orc is heavily wounded.
You hit the orc but do no damage.
The orc is heavily wounded.
The orc hits you with a +0 hand axe of venom.
You are poisoned.
The orc closely misses you.
You hit the orc but do no damage.
The orc is heavily wounded.
You feel very sick.
The orc hits you with a +0 hand axe of venom.
You are more poisoned.
You hit the orc but do no damage.
The orc is heavily wounded.
You feel very sick.
The orc hits you with a +0 hand axe of venom.
You are more poisoned.
You are too injured to fight recklessly!
You closely miss the orc.
The orc is heavily wounded.
* * * LOW HITPOINT WARNING * * *
You feel extremely sick. The orc hits you but does no damage.
You are more poisoned.
Okay, then.
You hit the orc.
The orc is severely wounded.
* * * LOW HITPOINT WARNING * * *
You feel extremely sick.
The orc hits you with a +0 hand axe of venom.
You die...

########
#...oo.#
#.###o## #.#
#@# #.# #.#
#.# #.# #.#
#.# #o# #.#
#.###.#
#...#.#
ooo....##.#.#
#.#o#.. .#.#


You could see an orc priest and 2 orcs.

Vanquished Creatures
  A necrophage (D:4)
  3 gnolls (D:2)
  6 adders
  An ufetubus (D:4)
  A dart slug (D:2)
  3 orcs (D:4)
  7 ball pythons
  An endoplasm (D:1)
  2 giant cockroaches
  4 goblins (D:2)
  4 hobgoblins
  2 jackals (D:2)
  4 quokkas
  3 bats
  2 frilled lizards (D:1)
  3 kobolds
  A rat (D:1)
48 creatures vanquished.

Vanquished Creatures (others)
  A plant (D:1)
1 creature vanquished.

Grand Total: 49 creatures vanquished

Notes
Turn   | Place    | Note
-------+----------+-------------------------------------------
     0 | Abyss:1  | Froggeryz the Palentonga Abyssal Knight began the quest for
                  | the Orb.
     0 | Abyss:1  | Reached XP level 1. HP: 19/19 MP: 2/2
    50 | Abyss:1  | Noticed an apocalypse crab
    85 | Abyss:3  | Found a corrupted altar of Lugonu.
   120 | Abyss:3  | Noticed a will-o-the-wisp
   124 | D:1      | Escaped the Abyss
   390 | D:1      | Reached * piety under Lugonu
   465 | D:1      | Reached XP level 2. HP: 25/25 MP: 3/3
   865 | D:2      | Reached skill level 3 in Axes
  1033 | D:2      | Reached XP level 3. HP: 23/31 MP: 4/4
  1516 | D:2      | Reached XP level 4. HP: 26/37 MP: 5/5
  1760 | D:2      | Reached skill level 4 in Axes
  2150 | D:2      | Reached ** piety under Lugonu
  2206 | D:2      | You fall into a shaft and drop 2 floors!
  2242 | D:4      | Noticed a necrophage
  2265 | D:4      | Identified a scroll of acquirement
  2265 | D:4      | Acquired a +3 demon trident of pain
  2350 | D:4      | Killed a necrophage
  2351 | D:4      | Reached skill level 1 in Polearms
  2351 | D:4      | Reached XP level 5. HP: 43/43 MP: 6/6
  2467 | D:4      | Slain by an orc

Illustrated notes

Levels and vault maps discovered:
D:1:      giann_bridges, layout_basic
D:2:      layout_loops_ring, minmay_snake_closets
D:4:      layout_basic, minmay_misc_feat_more_columns, grunt_decor_cap,
          hangedman_abyss_or_decor_lesser_grid

Skill      XL: |  1  2  3  4 |
---------------+-------------+-----
Axes           | 3 4 |  4.4
Armour         | 2 3 |  3.1
Polearms       | 1 |  1.9
Fighting       | |  3.0
Dodging        | |  0.7
Invocations    | |  2.0

Action                   |  1- 3 |  4- 6 || total
-------------------------+-------+-------++-------
Melee: Hand axe          |    83 |    93 ||   176
       Tailslap          |    10 |     3 ||    13
Invok: Depart the Abyss  |     1 |       ||     1
 Abil: Rolling Charge    |       |     5 ||     5
  Use: Scroll            |       |     4 ||     4
       Potion            |       |     4 ||     4
Armor: Ring mail         |    41 |    54 ||    95
       Skin              |       |    14 ||    14
Dodge: Dodged            |    36 |    33 ||    69

Table legend: (Time is in decaauts)
 A = Elapsed time spent in this place.
 B = Non-inter-level travel time spent in this place.
 C = Inter-level travel time spent in this place.
 D = Time resting spent in this place.
 E = Time spent auto-exploring this place.
 F = Levels seen in this place.
 G = Mean time per level.
                   A        B        C        D        E       F      G
               +--------+--------+--------+--------+--------+-----+--------+
         Total |   2487 |   2475 |     12 |    537 |   1332 |   6 |  414.5 |
       Dungeon |   2363 |   2351 |     12 |    537 |   1282 |   3 |  787.7 |
         Abyss |    123 |    123 |      0 |      0 |     50 |   3 |   41.0 |
               +--------+--------+--------+--------+--------+-----+--------+

Top non-repeatable levels by time:
     D:2: 1216 daAuts
     D:1: 883 daAuts
     D:4: 263 daAuts
 Abyss:1: 59 daAuts
 Abyss:3: 38 daAuts
 Abyss:2: 25 daAuts
